AoeStats
← SSx pankeRs

Nomad

509166865Analyzed
3v3 RM · 7d ago on Sep 25, 2026· 44m 12s· 6 players
Game mode
Random Map
Map size
210×210
Population
200
Speed
Normal
Resources
Standard
Victory
Conquest
Starting age
Dark Age
Ending age
Imperial Age
RankedLock teamsTeams togetherTeam positionsShared explorationLock speedFull tech treeHidden civsTurbo modeCheats
Victory
Defeat
🇨🇦 Vikings · Canada
1405
+11
🇧🇷 Dravidians · Brazil
1370
+13
🇲🇽 Varangians · Mexico
1369
+13
🇸🇪 Persians · Sweden
1336
-14
🇸🇪 Varangians · Sweden
1299
-12
🇸🇪 Slavs · Sweden
1273
-11
超神猪与猫
3:33 Loom
12:28 Feudal Age
16:20 Castle Age
14:31 Double-Bit Axe
17:44 Bow Saw
18:10 Crossbowman
18:44 Fletching
21:35 Gold Mining
22:23 Padded Archer Armor
24:39 Gold Shaft Mining
25:41 Fishing Lines
27:41 Ballistics
27:06 Pikeman
27:53 Bodkin Arrow
28:45 Stone Mining
30:36 Gillnets
31:40 Squires
31:58 Leather Archer Armor
31:53 Forging
35:25 Iron Casting
34:50 Scale Mail Armor
40:06 Imperial Age
40:04 Arson
40:12 Arbalester
40:57 Bracer
41:27 Ring Archer Armor
41:33 Capped Ram
43:42 Chemistry
43:47 Blast Furnace
44:40 Masonry
SSx pankeRs
4:21 Loom
13:06 Feudal Age
17:15 Castle Age
17:57 Double-Bit Axe
18:40 Medium Warships
21:11 Crossbowman
22:54 Fletching
23:39 Bodkin Arrow
26:28 Ballistics
27:14 Careening
31:16 Horse Collar
31:47 Bow Saw
34:56 Heavy Plow
35:36 Wheelbarrow
40:11 Imperial Age
37:58 Padded Archer Armor
38:20 Thumb Ring
40:05 Leather Archer Armor
40:39 Hand Cart
40:21 Gold Mining
40:23 Arbalester
42:00 Ring Archer Armor
42:37 Chemistry
42:51 Town Watch
43:08 Bracer
43:38 Ring Archer Armor
Lord Yarik
3:47 Loom
12:08 Feudal Age
14:51 Fletching
31:07 Castle Age
29:40 Gold Mining
29:43 Stone Mining
30:50 Forging
30:41 Horse Collar
30:47 Double-Bit Axe
31:17 Town Watch
31:55 Bloodlines
32:37 Bow Saw
33:16 Gold Mining
36:48 Iron Casting
36:50 Husbandry
41:01 Wheelbarrow
43:13 Scale Barding Armor
KiazTV
12:18 Feudal Age
12:52 Loom
17:09 Double-Bit Axe
17:31 Fletching
17:42 Padded Archer Armor
25:49 Castle Age
25:56 Bloodlines
25:53 Scale Barding Armor
25:59 Forging
26:31 Horse Collar
33:55 Chain Barding Armor
34:11 Iron Casting
34:18 Husbandry
42:21 Bow Saw
41:59 Fishing Lines
Ibrahomovic
7:32 Loom
8:07 Loom
12:21 Feudal Age
14:02 Double-Bit Axe
15:12 Wheelbarrow
19:47 Castle Age
19:59 Castle Age
19:37 Horse Collar
20:18 Gold Mining
21:01 Medium Warships
22:12 Forging
22:42 Fletching
24:12 Bow Saw
31:18 Stone Mining
34:24 Bodkin Arrow
35:47 Heavy Plow
37:16 Padded Archer Armor
37:56 Ballistics
40:42 Leather Archer Armor
43:06 Imperial Age
40:57 Scale Mail Armor
40:49 Elite Skirmisher
42:03 Hand Cart
45:23 Imperial Age
Mädi
5:26 Loom
11:37 Feudal Age
13:05 Double-Bit Axe
18:09 Fletching
35:05 Castle Age
37:28 Wheelbarrow
37:53 Bloodlines
40:34 Bodkin Arrow
44:03 Scale Barding Armor
Connection lost

Rejoining the realm…

Still unreachable

The connection could not be restored.

Session expired

The server has moved on; the page needs a fresh start.